 Dungeon Crawl Stone Soup version 0.19-a0-1008-g4c63d25 (webtiles) character file.

181 packetloss the Ducker (level 5, -4/42 HPs)
             Began as a Merfolk Wizard on July 23, 2016.
             Was an Initiate of Kikubaaqudgha.
             Slain by an orc priest
             ... wielding a +0 flail
              (9 damage)
             ... on level 3 of the Dungeon.
             The game lasted 00:09:38 (2798 turns).

packetloss the Ducker (Merfolk Wizard)              Turns: 2798, Time: 00:09:39

Health: -4/42      AC:  3    Str:  7    XL:     5   Next: 61%
Magic:  9/9        EV: 14    Int: 18    God:    Kikubaaqudgha [......]
Gold:   48         SH:  0    Dex: 13    Spells: 1 memorised, 9 levels left

rFire  . . .     SeeInvis .     k - +1 hand axe (venom)
rCold  . . .     Gourm    .     a - +0 robe
rNeg   . . .     Faith    .     (no shield)
rPois  .         Spirit   .     p - +0 helmet
rElec  .         Dismiss  .     (no cloak)
rCorr  +         Reflect  .     (no gloves)
SustAt .         Harm     .     (no boots)
MR     .....                    (no amulet)
Stlth  ++........               (no ring)
                                e - ring of resist corrosion

@: not resistant to hostile enchantments, unstealthy
A: change form in water, swift swim
a: Renounce Religion


You were on level 3 of the Dungeon.
You worshipped Kikubaaqudgha.
Kikubaaqudgha was noncommittal.
You were not hungry.

You visited 1 branch of the dungeon, and saw 3 of its levels.

You collected 48 gold pieces.

Inventory:

Hand Weapons
 g - a +0 dagger
   (You took it off a kobold on level 1 of the Dungeon)
 k - a +1 hand axe of venom (weapon)
   (You found it on level 1 of the Dungeon)
 t - a +0 spear
   (You took it off a gnoll on level 2 of the Dungeon)
 w - a +4 quarterstaff of chaos
   (You took it off Crazy Yiuf on level 2 of the Dungeon)
Missiles
 f - 3 tomahawks (quivered)
 m - 25 poisoned needles
Armour
 a - a +0 robe (worn)
 l - a +1 cloak
   (You took it off Crazy Yiuf on level 2 of the Dungeon)
 n - a +0 scale mail
   (You found it on level 1 of the Dungeon)
 p - a +0 helmet (worn)
   (You found it on level 1 of the Dungeon)
Jewellery
 e - a ring of resist corrosion (left hand)
   (You found it on level 1 of the Dungeon)
Scrolls
 b - a scroll of magic mapping {unknown}
 i - 3 scrolls of random uselessness {unknown}
 j - a scroll of identify {unknown}
 q - a scroll of remove curse {unknown}
 r - 2 scrolls of teleportation {unknown}
 s - a scroll of immolation {unknown}
Potions
 h - a potion of flight {unknown}
 o - a potion of curing {unknown}
Books
 c - a book of Minor Magic
Comestibles
 d - a bread ration {@e1}
 u - a meat ration {@e2}
 v - 3 chunks of flesh {@w0}


   Skills:
 + Level 4.2 Fighting
 - Level 4.7 Dodging
 - Level 2.3 Stealth
 - Level 3.1 Spellcasting
 - Level 0.8 Conjurations
   Level 1.0 Summonings
   Level 0.7 Translocations


You had 9 spell levels left.
You knew the following spells:

 Your Spells              Type           Power        Failure   Level  Hunger
a - Magic Dart            Conj           #...         12%         1    None


Dungeon Overview and Level Annotations

Branches:
Dungeon (3/15)

Altars:
Kikubaaqudgha


Message History

The orc priest shouts!
Warning x2: The orc priest can smite you! x2
The orc priest casts a cantrip, but nothing happens.
The orc priest looks braver for a moment.
The orc priest calls down the wrath of Beogh upon you.
You barely resist.
There is a stone staircase leading up here.
The orc priest casts a cantrip, but nothing happens.
Warning x2: The orc priest can smite you! x2
Health restored: 42 The orc priest barely misses you.
You climb upwards.
A hobgoblin comes into view.
There is a stone staircase leading down here.
The orc priest barely misses you.
Spoiler Alert: The orc priest can smite you!
The hobgoblin shouts!
You hit the orc priest but do no damage.
The orc priest is poisoned.
The orc priest calls down the wrath of Beogh upon you.
Pain shoots through your body!
You take 8 damage, and have 34/42 hp.
You hit the orc priest but do no damage.
The orc priest looks as sick as possible!
You hit the hobgoblin.
The hobgoblin is poisoned.
You kill the hobgoblin!
Kikubaaqudgha accepts your kill.
The orc priest hits you with a falchion.
Spoiler Alert: The orc priest can smite you!
You take 5 damage, and have 29/42 hp.
You hit the orc priest but do no damage.
The orc priest looks as sick as possible!
The orc priest closely misses you.
You hit the orc priest but do no damage.
The orc priest looks as sick as possible!
The orc priest closely misses you.
Spoiler Alert: The orc priest can smite you!
You hit the orc priest but do no damage.
The orc priest looks as sick as possible!
The orc priest hits you with a falchion.
The orc priest misses you.
You take 2 damage, and have 27/42 hp.
You barely miss the orc priest. The orc priest closely misses you.
Spoiler Alert: The orc priest can smite you!
You hit the orc priest.
The orc priest looks as sick as possible!
You kill the orc priest!
Kikubaaqudgha accepts your kill.
Your Fighting skill increases to level 4!
Things that are here:
a falchion; a chain mail
There is a stone staircase leading down here.
You start resting.
You regained 5 hp, and now have 33/42 hp.
You start resting.
Health restored: 42 You climb downwards.
There is a stone staircase leading up here.
Spoiler Alert: The orc priest can smite you!
You climb upwards.
There is a stone staircase leading down here.
You climb downwards.
There is a stone staircase leading up here.
The orc priest barely misses you.
You hit the orc priest.
The orc priest is poisoned.
The orc priest hits you but does no damage.
Spoiler Alert: The orc priest can smite you!
You closely miss the orc priest. The orc priest closely misses you.
You completely miss the orc priest.
The orc priest hits you but does no damage.
You closely miss the orc priest. The orc priest completely misses you.
The orc priest closely misses you.
You closely miss the orc priest. The orc priest barely misses you.
Spoiler Alert: The orc priest can smite you!
You barely miss the orc priest. The orc priest closely misses you.
You closely miss the orc priest. The orc priest hits you with a flail.
You take 1 damage, and have 41/42 hp.
You closely miss the orc priest. The orc priest completely misses you.
You barely miss the orc priest.
The orc priest calls down the wrath of Beogh upon you.
Beogh smites you!
Spoiler Alert: The orc priest can smite you!
You take 14 damage, and have 27/42 hp.
MASSIVE DAMAGE!!
You barely miss the orc priest. The orc priest closely misses you.
You hit the orc priest but do no damage.
The orc priest looks even sicker.
The orc priest hits you but does no damage.
Spoiler Alert: The orc priest can smite you!
You hit the orc priest.
The orc priest calls down the wrath of Beogh upon you.
Beogh smites you! The orc priest hits you with a flail!
* * * LOW HITPOINT WARNING * * *
You take 22 damage, and have 5/42 hp.
MASSIVE DAMAGE!!
Unknown command.
Spoiler Alert: The orc priest can smite you!
You barely miss the orc priest. The orc priest hits you with a flail!
You die...
Kikubaaqudgha rasps: "You have failed me!
Welcome... death!"

##### ##...##
##....8###
#........#
#.8.<....#
#........######
##...@8........
##...o........
####.....!...
#.........
#.........
#.........
#.........
#.........


You could see an orc priest.

Vanquished Creatures
  Crazy Yiuf (D:2)
  An orc priest (D:2)
  3 gnolls
  2 adders
  An ooze (D:1)
  A worm (D:2)
  3 dart slugs (D:1)
  A giant gecko (D:2)
  2 ball pythons
  9 bats
  A giant cockroach (D:2)
  8 goblins
  11 hobgoblins
  2 jackals (D:1)
  A quokka (D:2)
  3 giant newts
  5 kobolds
  3 rats (D:1)
58 creatures vanquished.

Notes
Turn   | Place    | Note
-------+----------+-------------------------------------------
     0 | D:1      | packetloss the Merfolk Wizard began the quest for the Orb.
     0 | D:1      | Reached XP level 1. HP: 13/13 MP: 4/4
   261 | D:1      | Reached skill level 3 in Dodging
   317 | D:1      | Reached XP level 2. HP: 19/19 MP: 0/6
   535 | D:1      | Reached skill level 4 in Dodging
   650 | D:1      | Reached XP level 3. HP: 21/24 MP: 7/7
  1105 | D:1      | Reached skill level 1 in Fighting
  1105 | D:1      | Reached XP level 4. HP: 27/32 MP: 8/8
  1392 | D:2      | HP: 6/33 [gnoll/spear (3)]
  1638 | D:2      | Reached skill level 2 in Fighting
  1945 | D:2      | HP: 8/34 [gnoll/spear (7)]
  2253 | D:2      | Found an ancient bone altar of Kikubaaqudgha.
  2282 | D:2      | Reached skill level 3 in Fighting
  2289 | D:2      | Became a worshipper of Kikubaaqudgha
  2562 | D:2      | Found a runed door.
  2566 | D:2      | Noticed Crazy Yiuf
  2579 | D:2      | Killed Crazy Yiuf
  2579 | D:2      | Reached XP level 5. HP: 36/42 MP: 9/9
  2673 | D:2      | Reached skill level 4 in Fighting
  2797 | D:3      | HP: 5/42 [orc priest/flail (9)]
  2798 | D:3      | Slain by an orc priest

Vault maps used:
D:1:      dpeg_arrival_water_temple_mockup, minmay_pentomino_x4
D:2:      nicolae_overflow_crystal_walls, uniq_crazy_yiuf_cottage
D:3:      nicolae_dithmenos_shadow_blocks, minitemple, eino_tiny_chamber,
          grunt_ministairs_1, kennysheep_jessica_study, uniq_robin, uniq_grinder

Skill      XL: |  1  2  3  4  5 |
---------------+----------------+-----
Dodging        | 3 4 |  4.7
Fighting       | 1 3 4 |  4.2
Stealth        | |  2.3
Spellcasting   | |  3.1
Conjurations   | |  0.8
Summonings     | |  1.0
Translocations | |  0.7

Action                   |  1- 3 |  4- 6 || total
-------------------------+-------+-------++-------
Melee: Dagger            |     1 |       ||     1
       Hand axe          |    62 |    65 ||   127
 Cast: Magic Dart        |    20 |       ||    20
 Stab: Sleeping          |     3 |     2 ||     5
  Eat: Chunk             |     1 |     3 ||     4
       Beef jerky        |       |     1 ||     1
Armor: Robe              |     9 |    10 ||    19
Dodge: Dodged            |    44 |    44 ||    88

Vault maps used:
D:1:      dpeg_arrival_water_temple_mockup, minmay_pentomino_x4
D:2:      nicolae_overflow_crystal_walls, uniq_crazy_yiuf_cottage
D:3:      nicolae_dithmenos_shadow_blocks, minitemple, eino_tiny_chamber,
          grunt_ministairs_1, kennysheep_jessica_study, uniq_robin, uniq_grinder

Table legend:
 A = Turns spent in this place as a percentage of turns spent in the entire game.
 B = Non-inter-level travel turns spent in this place as a percentage of non-inter-level travel turns spent in the entire game.
 C = Inter-level travel turns spent in this place as a percentage of turns spent in this place.
 D = Turns resting spent in this place as a percentage of non-inter-level travel turns spent in this place.
 E = Turns spent auto-exploring this place as a percentage of non-inter-level travel turns spent in this place.
 F = Non-inter-level travel turns spent in this place divided by the number of levels of this place that you've seen.
                   A       B       C       D       E      F
               +-------+-------+-------+-------+-------+----------------------
         Total | 100.0 | 100.0 |   0.3 |   4.4 |   1.5 | 412.0
       Dungeon | 100.0 | 100.0 |   0.3 |   4.4 |   1.5 | 412.0
               +-------+-------+-------+-------+-------+----------------------

Table legend:
 A = Kills in this place as a percentage of kills in entire the game.
 B = Kills by you in this place as a percentage of kills by you in the entire game.
 C = Kills by friends in this place as a percentage of kills by friends in the entire game.
 D = Other kills in this place as a percentage of other kills in the entire game.
 E = Experience gained in this place as a percentage of experience gained in the entire game.
 F = Experience gained in this place divided by the number of levels of this place that you have seen.
                   A       B       C       D       E      F
               +-------+-------+-------+-------+-------+----------------------
         Total | 100.0 | 100.0 |  -nan |  -nan | 100.0 |  86.3
       Dungeon | 100.0 | 100.0 |  -nan |  -nan | 100.0 |  86.3
               +-------+-------+-------+-------+-------+----------------------
